Cogmind - Beta 13 @@@ ROGUE MODE // 2024.03.16 @ 15:06:19 Player: opdo Result: Self-destructed Performance ------------- Evolutions (3) 1500 Regions Visited (6) 1200 Robots Destroyed (11) 55 Value Destroyed (403) 403 Prototype IDs (4) 80 Alien Tech Used (0) 0 Bonus (333) 333 TOTAL SCORE: 3571 Bonus ------- Follower Combat Kills 33 Aligned with FarCom 300 Cogmind --------- Core Integrity 565/700 Matter 8/300 Energy 370/370 System Corruption 0% Temperature Cool (10) Movement Walking (195) Ox1 Location -7/Factory Parts ------- > --- POWER (2) -------- Light Nuclear Core Heavy Deuterium Engine > --- PROPULSION (3) --- Aluminum Leg Titanium Leg (fused) > --- UTILITY (4) ------ Small Storage Unit Improved Sensor Array Seismic Detector > --- WEAPON (4) ------- XL Autogun Array > --- INVENTORY (8) ---- Light Nuclear Core Airjet Hacking Suite Improved Trap Extractor (0/6) Decoy Drone Bay (15/16) AWS/Gauss Peak State ------------ > --- POWER ------------ Improved Ion Engine Light Nuclear Core > --- PROPULSION ------- Aluminum Leg Titanium Leg > --- UTILITY ---------- Small Storage Unit Decoy Drone Bay > --- WEAPON ----------- XL Autogun Array > --- INVENTORY -------- Ion Engine Airjet Improved Sensor Array Reaction Control System Improved Trap Extractor AWS/Gauss Mining Laser [Rating: 63] Favorites ----------- Power Light Nuclear Core Engine Ion Engine Power Core Light Nuclear Core Propulsion Aluminum Leg Leg Aluminum Leg Utility Small Storage Unit Device Improved Sensor Array Storage Small Storage Unit Weapon XL Autogun Array Ballistic Gun XL Autogun Array Impact Weapon Great Maul Special Melee Weapon Datajack Build | -11 -10 -10 -10 -9 -8 -7 ------- Run | Yrd Mat Min Exi Min Mat Fac Slots Evolved 6 | . . . . . 4 2 Power 1 | . . . . . 1 . Propulsion 1 | . . . . . . 1 Utility 2 | . . . . . 1 1 Weapon 2 | . . . . . 2 . Parts Attached 27 | 5 3 6 2 . 8 3 Power 6 | 1 . 1 . . 3 1 Engine 4 | 1 . 1 . . 1 1 Core 2 | . . . . . 2 . Reactor . | . . . . . . . Propulsion 7 | 1 1 3 . . . 2 Treads . | . . . . . . . Leg 7 | 1 1 3 . . . 2 Wheel . | . . . . . . . Hover . | . . . . . . . Flight . | . . . . . . . Utility 6 | 1 . . 1 . 4 . Device 5 | . . . 1 . 4 . Storage 1 | 1 . . . . . . Processor . | . . . . . . . Hackware . | . . . . . . . Protection . | . . . . . . . Artifact . | . . . . . . . Weapon 8 | 2 2 2 1 . 1 . Energy Gun . | . . . . . . . Energy Cannon . | . . . . . . . Ballistic Gun 6 | 2 1 1 1 . 1 . Ballistic Cannon . | . . . . . . . Launcher . | . . . . . . . Special Weapon . | . . . . . . . Impact Weapon 1 | . . 1 . . . . Slashing Weapon . | . . . . . . . Piercing Weapon . | . . . . . . . Special Melee Weapon 1 | . 1 . . . . . Unidentified Prototypes 4 | . . . 1 . 2 1 Corrupted Parts 1 | . . 1 . . . . System Corruption 4 | . . 4 . . . . Parts Lost 1 | . . . . . . 1 Power . | . . . . . . . Propulsion 1 | . . . . . . 1 Utility . | . . . . . . . Weapon . | . . . . . . . Highest Loss Streak 1 | . . . . . . 1 To Critical Strikes . | . . . . . . . Average Slot Usage (%) 72 | . 85 76 74 85 68 64 Engine 9 | . 14 12 14 14 4 2 Core 5 | . . . . . 13 12 Leg 23 | . 28 26 28 28 18 18 Device 8 | . . . 3 14 15 15 Storage 11 | . 14 14 14 14 9 7 Ballistic Gun 8 | . 28 20 3 14 9 7 Impact Weapon 3 | . . 2 10 . . . Naked Turns . | . . . . . . . Heaviest Build 46 | 13 13 14 21 21 46 38 Greatest Support 37 | 10 20 27 27 27 27 37 Greatest Overweight (x) 1 | 1 . . . . 1 1 Average Overweight (x) . | . . . . . 1 . Largest Inventory Capacity 8 | 8 8 8 8 8 8 8 Average Capacity 7 | 7 8 8 8 8 8 8 Most Carried 8 | 5 2 8 8 8 8 8 Average Carried 6 | 2 1 4 6 7 7 7 Final Capacity 8 | 8 8 8 8 8 8 8 Final Carried 8 | 2 2 6 8 8 7 8 Class Distribution -------------------- 54% | Mutant 45% | Skirmisher Dominant Class ---------------- Mutant | -10/Materials Mutant | -10/Mines Mutant | -10/Exiles Mutant | -9/Mines Skirmisher | -8/Materials Skirmisher | -7/Factory Resources | -11 -10 -10 -10 -9 -8 -7 ----------- Run | Yrd Mat Min Exi Min Mat Fac Matter Collected 610 | 250 43 63 . . 151 103 Remotely . | . . . . . . . Salvage Created 517 | . 43 138 . . 233 103 Parts 26 | . 3 2 . . 11 10 Haulers Intercepted . | . . . . . . . Recyclers Shooed . | . . . . . . . Parts Field Recycled . | . . . . . . . Retrieved Matter . | . . . . . . . Parts Self-Destructed . | . . . . . . . Prevented . | . . . . . . . Kills | -11 -10 -10 -10 -9 -8 -7 ------- Run | Yrd Mat Min Exi Min Mat Fac Combat Hostiles Destroyed 11 | . 1 5 . . 3 2 Guns 11 | . 1 5 . . 3 2 Classes Destroyed 5 | . 1 1 . . 2 1 Builder 1 | . . . . . . 1 Watcher 2 | . . . . . 2 . Grunt 7 | . 1 2 . . 2 2 Sentry 1 | . . . . . 1 . Assembled 3 | . . 3 . . . . Best Kill Streak 3 | . 1 3 . . 3 2 Combat Bots Only 3 | . 1 3 . . 2 1 Max Kills in Single Turn 1 | . 1 1 . . 1 1 Gunslinging . | . . . . . . . Exploded . | . . . . . . . Melee . | . . . . . . . Uniques/NPCs Destroyed . | . . . . . . . Combat | -11 -10 -10 -10 -9 -8 -7 -------- Run | Yrd Mat Min Exi Min Mat Fac Hostile Shots Fired 55 | . 3 22 . . 5 25 Missed 11 | . . 7 . . 1 3 Damage Taken 735 | . 35 219 . . 104 377 Core 230 | . 11 62 . . 22 135 Absorbed by Shields . | . . . . . . . Regen/Repaired (Parts) 4 | . . . . . 4 . Core Remaining (%) 88 | 100 . . . 70 96 . Volleys Fired 39 | . 5 15 . . 8 11 Largest 2 | . 2 2 . . 1 1 Hottest 60 | . 40 40 . . 60 60 Shots Fired 59 | . 10 30 . . 8 11 Gun 59 | . 10 30 . . 8 11 Cannon . | . . . . . . . Launcher . | . . . . . . . Special . | . . . . . . . Kinetic 59 | . 10 30 . . 8 11 Thermal . | . . . . . . . Explosive . | . . . . . . . Electromagnetic . | . . . . . . . Robot Hit Streak 8 | . 2 8 . . 8 4 Robot Miss Streak 4 | . 2 2 . . 2 4 Penetration Max . | . . . . . . . Secondary Targets 1 | . . 1 . . . . Max Gunslinging Chain 1 | . . 1 . . . . Shots Hit Robots 46 | . 6 21 . . 8 11 Core Hits 30 | . 3 13 . . 7 7 Critical Kills . | . . . . . . . Critical Parts Destroyed . | . . . . . . . Critical Strikes . | . . . . . . . Melee Attacks 1 | . 1 . . . . . Impact . | . . . . . . . Slashing . | . . . . . . . Piercing . | . . . . . . . Sneak Attacks . | . . . . . . . Combat Hostiles . | . . . . . . . Follow-up Attacks . | . . . . . . . Damage Inflicted 1342 | . 63 219 . 5 501 554 Guns 1337 | . 63 219 . . 501 554 Cannons . | . . . . . . . Explosions . | . . . . . . . Melee . | . . . . . . . Ramming 5 | . . . . 5 . . Kinetic 1337 | . 63 219 . . 501 554 Thermal . | . . . . . . . Explosive . | . . . . . . . Electromagnetic . | . . . . . . . Impact . | . . . . . . . Slashing . | . . . . . . . Piercing . | . . . . . . . Highest Corruption 4 | . . 4 4 4 . . Average Corruption 4 | . . 4 4 4 . . Corruption Purged . | . . . . . . . Corruption Blocked . | . . . . . . . Effects 28 | . . 1 21 6 . . Message Errors 4 | . . . 3 1 . . Matter Fused 11 | . . . 8 3 . . Heat Flow Errors 2 | . . . 2 . . . Energy Discharges 4 | . . 1 3 . . . Parts Fused 1 | . . . . 1 . . Data Loss (minor) 5 | . . . 4 1 . . Alerts 1 | . . . 1 . . . Overload Shots . | . . . . . . . Overflow Damage . | . . . . . . . Projectiles . | . . . . . . . Explosions . | . . . . . . . Melee . | . . . . . . . Knockbacks . | . . . . . . . Impact . | . . . . . . . Kinetic . | . . . . . . . Secondary . | . . . . . . . Self-Inflicted Damage . | . . . . . . . Shots . | . . . . . . . Rammed . | . . . . . . . Targets Rammed 2 | . 1 . . 1 . . Kicked 2 | . 1 . . 1 . . Crushed . | . . . . . . . Highest Temperature 276 | . 6 20 184 . 181 276 Average Temperature 82 | . 6 11 88 . 79 107 Received Heat Transfer 376 | . 18 115 . . 18 225 Siege Activations . | . . . . . . . Robots Corrupted . | . . . . . . . Combat Hostiles . | . . . . . . . Parts Fried . | . . . . . . . Impact Corruptions . | . . . . . . . Robots Melted . | . . . . . . . Combat Hostiles . | . . . . . . . Parts Melted . | . . . . . . . Heat Transferred . | . . . . . . . Parts Sabotaged . | . . . . . . . Parts Stolen . | . . . . . . . Parts Stripped . | . . . . . . . Power Chain Reactions . | . . . . . . . Alert | -11 -10 -10 -10 -9 -8 -7 ------- Run | Yrd Mat Min Exi Min Mat Fac Peak Influence 110 | . 45 82 . . 110 100 Initial 49 | . . 17 . . . 49 Average 26 | . 10 63 . . 20 75 Maximum Alert Level . | . . . . . . . Low Security (%) 100 | 100 100 100 . 100 100 100 Level 1 . | . . . . . . . Level 2 . | . . . . . . . Level 3 . | . . . . . . . Level 4 . | . . . . . . . Level 5 . | . . . . . . . High Security . | . . . . . . . Max Security . | . . . . . . . Squads Dispatched 3 | . 1 . . . . 2 Investigation 1 | . . . . . . 1 Extermination . | . . . . . . . Reinforcement 2 | . 1 . . . . 1 Assault . | . . . . . . . Garrison . | . . . . . . . Intercept . | . . . . . . . Searches Triggered . | . . . . . . . Construction Impeded . | . . . . . . . Haulers Reinforced . | . . . . . . . Active Scanning Responses . | . . . . . . . Cargo Convoy Interrupts . | . . . . . . . Stealth | -11 -10 -10 -10 -9 -8 -7 --------- Run | Yrd Mat Min Exi Min Mat Fac Distress Signals 2 | . . . . . 1 1 Communications Jammed . | . . . . . . . Distress Signals . | . . . . . . . Times Spotted 26 | . 3 11 . . 7 5 Peak Tracking Total 8 | . 2 8 . . 2 8 Tactical Retreats 2 | . . 2 . . . . Traps | -11 -10 -10 -10 -9 -8 -7 ------- Run | Yrd Mat Min Exi Min Mat Fac Traps Triggered 2 | . . 1 . . 1 . Indirectly . | . . . . . . . Trap Hack Attempts . | . . . . . . . Triggered . | . . . . . . . Disarmed . | . . . . . . . Reprogrammed . | . . . . . . . Reused . | . . . . . . . Traps Extracted . | . . . . . . . Installed . | . . . . . . . Triggered . | . . . . . . . Machines | -11 -10 -10 -10 -9 -8 -7 ---------- Run | Yrd Mat Min Exi Min Mat Fac Machines Disabled . | . . . . . . . Max in Single Turn . | . . . . . . . Machines Repaired . | . . . . . . . Machines Dismantled . | . . . . . . . Machines Sabotaged . | . . . . . . . Overloaded Fab Kills . | . . . . . . . Hacking | -11 -10 -10 -10 -9 -8 -7 --------- Run | Yrd Mat Min Exi Min Mat Fac Machines Accessed 10 | . 1 1 2 1 4 1 Terminals 1 | . . . . . 1 . Fabricators 1 | . . . . . . 1 Repair Stations 1 | . . . . . 1 . Recycling Units 2 | . 1 . . . 1 . Scanalyzers 1 | . . . . . 1 . Garrison Access . | . . . . . . . Total Hacks 49 | . 3 1 32 1 10 2 Successful 43 | . . 1 32 1 7 2 Failed 6 | . 3 . . . 3 . Catastrophic . | . . . . . . . Database Lockouts . | . . . . . . . Manual 6 | . . . 6 . . . Terminals 1 | . . . . . 1 . Fabricators 2 | . . . . . . 2 Repair Stations 3 | . . . . . 3 . Recycling Units 5 | . 3 . . . 2 . Scanalyzers 4 | . . . . . 4 . Garrison Access . | . . . . . . . Terminal Hacks 35 | . . 1 32 1 1 . Record 32 | . . . 32 . . . Open Door 2 | . . 1 . 1 . . Dispatch Records 1 | . . . . . 1 . Fabricator Hacks 2 | . . . . . . 2 Load Schematic 1 | . . . . . . 1 Build 1 | . . . . . . 1 Repair Station Hacks 2 | . . . . . 2 . Scan Component 1 | . . . . . 1 . Repair 1 | . . . . . 1 . Recycling Unit Hacks . | . . . . . . . Scanalyzer 4 | . . . . . 4 . Insert Component 3 | . . . . . 3 . Analyze 1 | . . . . . 1 . Garrison Access Hacks . | . . . . . . . Unauthorized Hacks . | . . . . . . . Terminals . | . . . . . . . Fabricators . | . . . . . . . Repair Stations . | . . . . . . . Recycling Units . | . . . . . . . Scanalyzers . | . . . . . . . Garrison Access . | . . . . . . . Data Cores Recovered . | . . . . . . . Used . | . . . . . . . Hacking Detections 4 | . 1 . . . 2 1 Full Trace Events 1 | . . . . . . 1 Feedback Events . | . . . . . . . Feedback Blocked . | . . . . . . . Robot Schematics Acquired . | . . . . . . . Robots Built . | . . . . . . . Authchips . | . . . . . . . Time . | . . . . . . . Total Robot Build Rating . | . . . . . . . Part Schematics Acquired 1 | . . . . . 1 . Parts Built . | . . . . . . . Authchips . | . . . . . . . Time 73 | . . . . . . 73 Total Part Build Rating . | . . . . . . . Parts Repaired 1 | . . . . . 1 . Time 61 | . . . . . 61 . Parts Recycled . | . . . . . . . Recycled Matter . | . . . . . . . Retrieved Matter . | . . . . . . . Retrieved Components . | . . . . . . . Parts Scanalyzed 1 | . . . . . 1 . Part Schematics Acquired 1 | . . . . . 1 . Parts Damaged . | . . . . . . . Bothacking | -11 -10 -10 -10 -9 -8 -7 ------------ Run | Yrd Mat Min Exi Min Mat Fac Used RIF Installer . | . . . . . . . Robots Hacked . | . . . . . . . Non-combat . | . . . . . . . Combat . | . . . . . . . Robot Hacks Applied . | . . . . . . . Relay Couplers Released . | . . . . . . . Fabnet Peak Effective % . | . . . . . . . Robots Rewired . | . . . . . . . Allies Hacked . | . . . . . . . Hacks Repelled . | . . . . . . . Allies | -11 -10 -10 -10 -9 -8 -7 -------- Run | Yrd Mat Min Exi Min Mat Fac Total Allies 1 | . . . . 1 . . Largest Group 1 | . . . . 1 1 . Highest-Rated Group 31 | . . . . 31 31 . Highest-Rated Ally 31 | . . . . 31 31 . Total Orders . | . . . . . . . Ally Attacks 4 | . . . . . 4 . Total Damage 64 | . . . . . 64 . Kills 1 | . . . . . 1 . Allies Corrupted . | . . . . . . . Allies Melted . | . . . . . . . Intel | -11 -10 -10 -10 -9 -8 -7 ------- Run | Yrd Mat Min Exi Min Mat Fac Robot Analysis Total . | . . . . . . . Derelict Logs Recovered . | . . . . . . . Drone Launches 1 | . . . . . 1 . Drone Recoveries . | . . . . . . . Exploration | -11 -10 -10 -10 -9 -8 -7 ------------- Run | Yrd Mat Min Exi Min Mat Fac Turns Passed 2897 | 66 155 178 1013 195 1088 202 Spaces Moved 1635 | 36 108 91 804 141 359 96 Core 10 | 10 . . . . . . Treads . | . . . . . . . Legs 1625 | 26 108 91 804 141 359 96 Wheels . | . . . . . . . Hover . | . . . . . . . Flight . | . . . . . . . Fastest Speed 50 | 50 120 120 125 125 195 123 Average Speed 144 | 151 120 121 125 125 195 186 Slowest Speed 195 | 190 120 130 125 125 195 195 Overloaded Moves . | . . . . . . . Propulsion Burnouts . | . . . . . . . Robots Hopped . | . . . . . . . Cave-ins Triggered . | . . . . . . . Exploration Rate (%) 29 | 4 33 20 92 24 30 4 Regions Visited 6 Branch Regions 3 Pre-discovered Areas 1 | . . . 1 . . . Known Exits Taken . | . . . . . . . Unknown Exits Taken 6 | 1 1 1 1 1 1 . Scrap Searched . | . . . . . . . Spaces Dug . | . . . . . . . Terrain Destroyed 7 | . . . . . 5 2 Melee . | . . . . . . . Projectile 7 | . . . . . 5 2 AOE . | . . . . . . . Terrain Rammed . | . . . . . . . Walls Destroyed . | . . . . . . . Machines Disabled . | . . . . . . . Actions | -11 -10 -10 -10 -9 -8 -7 --------- Run | Yrd Mat Min Exi Min Mat Fac Total 2147 | 49 122 132 814 161 750 119 Wait 385 | . 4 8 . 13 357 3 Move 1629 | 35 107 90 803 140 358 96 Hop . | . . . . . . . Pick Up 40 | 8 1 9 4 3 11 4 Fast Attach . | . . . . . . . Attach 19 | 5 1 4 2 . 6 1 Detach 1 | . . . . . 1 . Swap 8 | . 2 2 . . 2 2 Drop 22 | 1 . 4 4 4 7 2 Fire 39 | . 5 15 . . 8 11 Melee 1 | . 1 . . . . . Ram . | . . . . . . . Kick 2 | . 1 . . 1 . . Crush . | . . . . . . . Escape Stasis . | . . . . . . . Rewire 1 | . . . 1 . . . Trap . | . . . . . . . Miscellaneous . | . . . . . . . Route ------- -11/Scrapyard -10/Materials -10/Mines -10/Exiles -9/Mines -8/Materials -7/Factory History --------- Turn | Location | Event 17 | -11/Scrapyard | Discovered new exit (range 15) 67 | -11/Scrapyard | Entered Materials 184 | -10/Materials | Discovered new exit (range 14) 222 | -10/Materials | Entered Mines 239 | -10/Mines | Met a Derelict bent on vengeance 276 | -10/Mines | Assembled infested the area 281 | -10/Mines | Assisted by a Guerilla fighting off Assembled 310 | -10/Mines | Build established: Mutant 350 | -10/Mines | Met a Derelict who couldn't figure out how to use a Trap Extractor 395 | -10/Mines | Deemed a non-threat by the Exiles lab entrance 395 | -10/Mines | Discovered new exit (range 5) 400 | -10/Mines | Entered Exiles 431 | -10/Exiles | Met 8R-AWN 453 | -10/Exiles | Met EX-HEX 496 | -10/Exiles | Met EX-BIN 513 | -10/Exiles | Aligned with FarCom system 514 | -10/Exiles | Given EX-Vault access code 678 | -10/Exiles | Met EX-DEC 746 | -10/Exiles | Discovered new exit (range 12) 878 | -10/Exiles | Visited The Gauntlet 1167 | -10/Exiles | Opened EX-Vault 1170 | -10/Exiles | Found Prototype Ballistic Gun 1177 | -10/Exiles | Identified AWS/Gauss 1195 | -10/Exiles | Found Prototype Ballistic Gun 1222 | -10/Exiles | Warned to stay clear of 0b10 Research branches 1363 | -10/Exiles | Learned location of Zion (-7) 1413 | -10/Exiles | Stole two prototypes: AWS/Gauss, XL Autogun Array 1413 | -10/Exiles | Entered Mines 1416 | -9/Mines | Received a Mining Laser from a helpful Derelict 1535 | -9/Mines | Discovered new exit (range 11) 1563 | -9/Mines | Found the Drone Emporium 1569 | -9/Mines | Found Prototype Device 1608 | -9/Mines | Entered Materials 1608 | -8/Materials | Accompanied by 1 ally 1608 | -8/Materials | Evolved 4 slots: Power x1, Utility x1, Weapon x2 1609 | -8/Materials | Identified XL Autogun Array 1612 | -8/Materials | Identified Decoy Drone Bay 1897 | -8/Materials | Build established: Skirmisher 1936 | -8/Materials | Repaired Corrupted Imp. Trap Extractor 2660 | -8/Materials | Discovered new exit (range 3) 2696 | -8/Materials | Entered Factory 2696 | -7/Factory | Evolved 2 slots: Propulsion x1, Utility x1 2698 | -7/Factory | FarCom data flow suspended 2898 | -7/Factory | Self-destructed Last Messages --------------- Connecting with Fabricator... Current location identified: Factory >>Load(Airjet) Uploading Airjet schematic... Loaded successfully: Airjet Rating: 3 Time: 73 Initiate build sequence. >>Build Building Airjet... ETC: 73 ALERT: Unauthorized use of fabrication network. Dispatching investigation squad. Critical hit (Burn: +37). ALERT: Suspicious intruders detected, dispatching Cutter reinforcements to area. Penetrated by Slug. Aluminum Leg destroyed. Critical hit (Blast). Map ----- +----------------------------------------------------+ | ?????????????????????????????????????????????????? | | ?????????????????????????????????????????????????? | | ?????????????????????????????????????????????????? | | ?????????????????????????????????????????????????? | | ?????????????????????????????????????????????????? | | ?????????????????????????????????????????????????? | | ?????????????????????????????????????????????????? | | ?????????????????????????????????????????????????? | | ?????????????????????????????????????????????????? | | ?????????????????????????????????????????????????? | | ?????????????????????????????????????????????????? | | ?????????????????????????????????????????????????? | | ??????????????????#####??????????????????????????? | | ??????????????? ?? #??????????????????????????? | | ??????????????? ?? #??????????????????????????? | | ??????????????? ?"" #??????????????????????????? | | ?????????? ??" """ +??????????????????????????? | | ########## "?" """ #??????????????????????????? | | """" # #??????????????????????????? | | """" # """ """ #??????????????????????????? | | """" # """ """ #??????????????????????????? | | """" # """ """ #??????????????????????????? | | [ # g################# ?????????? | | # """ """g ????????? | | # """ """ ?H??????? | | # """ """ @ ????????? | | ####+##### ############???????????????? | | """ #??????????????????????????? | | =| """ "F"" #??????????????????????????? | | ! """ """" #??????????????????????????? | | !*= #??????????????????????????? | | * [ #??????????????????????????? | | ### ###+###########??????????????????????????? | | [# # ???????????????????????????????????? | | # # ?????????????????????????????????? | | # # ???????????????????????????????? | | # # #??????????????????????????????? | | # # #??????????????????????????????? | | # # #??????????????????????????????? | | # # #??????????????????????????????? | | ### # #??????????????????????????????? | | ?? ###########??????????????????????????????? | | ?? #????????????????????????????????????????? | | ? #????????????????????????????????????????? | | ??? ?????????????????????????????????????????? | | ?????????????????????????????????????????????????? | | ?????????????????????????????????????????????????? | | ?????????????????????????????????????????????????? | | ?????????????????????????????????????????????????? | | ?????????????????????????????????????????????????? | +----------------------------------------------------+ Best States ------------- Heat Dissipation 34 Energy Generation 27 Energy Capacity 415 Matter Stores 300 Matter Capacity 300 Sight Range 16 Robot Scan Range 15 Terrain Scan Density 10 Evasion (%) 59 Item Schematics ----------------- Airjet | -8/Materials | Scanalyzed Robot Schematics ------------------ None Fabricated ------------ Nothing Alien Tech Used ----------------- None Achievements -------------- None Challenges ------------ None Game ------ Seed HeartLinkedRifle Manual? 0 Play Time 00:24:43 Cumulative 9.0 hours Start 2024.03.16 @ 14:42:13 End 2024.03.16 @ 15:06:19 Sessions 1 Manual Loads 0 Difficulty Rogue Special Mode None Game No. 23 Rogue 21 Adventurer 2 Explorer 0 Win Type - Total 0 Types 0/0/0/0/0/0/0/0/0 Lore% 15 Gallery% 22 Achievement% 13 Wizard Run 0 Options --------- Layout 1 ASCII 0 Keyboard 0 Movement Arrows Keybinds 0 Fullscreen 1 Font 24/Smallcaps Map View 50x35 Zoom Use 0% Tactical HUD 0 Map Filters NONE Filters NONE Steam 1 RUN: 5befa435-8f7b-4bc4-b440-d185d6f432ee